 Dungeon Crawl Stone Soup version 0.27-a0-79-gcaaa221d37 (webtiles) character file.

Game seed: 12246148584397594469

101 kae the Insei (level 4, 29/29 HPs)
             Began as an Octopode Transmuter on Jan 14, 2021.
             Quit the game on level 3 of the Dungeon.
             The game lasted 00:01:07 (3833 turns).

kae the Insei (Octopode Transmuter)                 Turns: 3833, Time: 00:01:07

Health: 29/29      AC:  1    Str: 10    XL:     4   Next: 75%
Magic:  7/7        EV: 14    Int: 15    God:
Gold:   199        SH:  0    Dex: 12    Spells: 3/7 levels left

rFire    . . .     SeeInvis .     - Unarmed
rCold    . . .     Faith    .   (no shield)
rNeg     . . .     Spirit   .   (helmet currently unavailable)
rPois    .         Reflect  .   (no amulet)
rElec    .         Harm     .   (no ring)
rCorr    .         Rampage  .   (no ring)
Will     .....                  (no ring)
Stlth    ++........             (no ring)
HPRegen  0.09/turn              (no ring)
MPRegen  0.10/turn              (no ring)
                                (no ring)
                                (no ring)

@: appendages (expiring)
A: almost no armour, stealthy swim, amphibious, 8 rings, constrict 8, tentacle
spike 3, camouflage 1, gelatinous body 1
a: End Transformation


You were on level 3 of the Dungeon.
One of your tentacles had a temporary spike.
You visited 1 branch of the dungeon, and saw 3 of its levels.

You collected 199 gold pieces.

Inventory:

Jewellery
 m - an uncursed ring of protection from fire {unknown}
Wands
 k - a wand of iceblast (5)
Scrolls
 a - 6 scrolls of amnesia {unknown}
 b - a scroll of immolation {unknown}
 c - a scroll of remove curse {unknown}
 d - a scroll of random uselessness {unknown}
 f - 4 scrolls of blinking {unknown}
 g - a scroll of identify {unknown}
 h - 4 scrolls of teleportation {unknown}
 i - a scroll of magic mapping {unknown}
 n - a scroll of fear {unknown}
 o - a scroll of noise {unknown}
Potions
 e - a potion of ambrosia {unknown}
 j - a potion of magic {unknown}
 l - a potion of invisibility {unknown}


   Skills:
 + Level 1.8 Fighting
 + Level 2.6 Dodging
 * Level 3.9 Unarmed Combat
 + Level 2.3 Spellcasting
 + Level 2.5 Transmutations
 * Level 1.2 Poison Magic


You had 3 spell levels left.
You knew the following spells:

 Your Spells              Type           Power        Failure   Level
a - Beastly Appendage     Tmut           18%          8%          1
b - Spider Form           Tmut/Pois      3%           28%         3

Your spell library contained the following spells:

 Spells                   Type           Power        Failure   Level
 Wereblood                Tmut           9%           11%         2
 Ice Form                 Ice/Tmut       5%           77%         4
 Blade Hands              Tmut           4%           90%         5


Dungeon Overview and Level Annotations

Branches:
Dungeon (3/15)

Altars:


Innate Abilities, Weirdness & Mutations

You cannot wear most types of armour.
You are very stealthy in the water. (Stealth+)
You are amphibious.
You can wear up to eight rings at the same time.
You can use your tentacles to constrict eight enemies at once.
Your skin changes colour to match your surroundings (Stealth+).
Your rubbery body absorbs attacks. (AC +1, EV +1)
One of your tentacles bears a large vicious spike.


Message History

You tentacle-slap the dart slug.
You kill the dart slug!
Done exploring.
No target in view!
No target in view!
Done exploring.
Casting: Beastly Appendage (safe; 8% risk of failure)
Confirm with . or Enter, or press ? or * to list all spells.
One of your tentacles grows a vicious spike.
Your transformation is almost over.
Done exploring.
No target in view!
No target in view!
Done exploring.
No target in view!
No target in view!
Done exploring.
Done exploring.
Done exploring.
Are you sure you want to abandon this character and quit the game? (Confirm with "yes".)

........##.............#.........
........##.............#.........
........##.............#.........
..###.####.............#.........
#.# #.# #.............#.........
#.# #.# #.....).......#......†..
#.# #.# #........(....#.........
#.# #.# #.............#.........
#.# #.# #......@......#.........
#.###.# #.............#.........
#.#...# #.............##########
#.#.### #.............# #.#.#
############### #.#.# #.#.# ..#.#
###.#


There were no monsters in sight!

Vanquished Creatures
  2 adders (D:3)
  2 oozes (D:1)
  A worm (D:2)
  2 dart slugs
  3 leopard geckos
  5 orcs (D:3)
  3 giant cockroaches
  6 goblins
  2 hobgoblins
  6 jackals (D:1)
  9 kobolds
  2 quokkas
  5 bats
  5 frilled lizards
  5 rats
58 creatures vanquished.

Notes
Turn   | Place    | Note
-------+----------+-------------------------------------------
     0 | D:1      | kae the Octopode Transmuter began the quest for the Orb.
     0 | D:1      | Reached XP level 1. HP: 13/13 MP: 3/3
     7 | D:1      | Noticed an iguana
     7 | D:1      | Noticed a tyrant leech
     7 | D:1      | Noticed a soldier ant
     7 | D:1      | Noticed a hell rat
     7 | D:1      | Noticed a frost giant
    88 | D:1      | Reached XP level 2. HP: 13/18 MP: 3/5
   444 | D:1      | Reached XP level 3. HP: 15/23 MP: 6/6
   678 | D:1      | You fall into a shaft and drop 1 floor!
  2432 | D:2      | Learned a level 3 spell: Spider Form
  2555 | D:3      | Reached XP level 4. HP: 28/28 MP: 5/7
  2966 | D:3      | Reached skill level 1 in Poison Magic
  3833 | D:3      | Quit the game

Illustrated notes

Levels and vault maps discovered:
D:1:      onia_arrival_zoo_common, layout_rooms, serial_glass, glass_columns_c,
          glass_columns_a, due_unseen_surprise, feat_on_display,
          minmay_strange_pillars, minmay_strange_pillars
D:2:      minmay_evil_eye, layout_basic
D:3:      layout_basic, grunt_decor_cap

Skill      XL: |  1  2  3  4 |
---------------+-------------+-----
Poison Magic   | 1 |  1.2
Fighting       | |  1.8
Dodging        | |  2.6
Unarmed Combat | |  3.9
Spellcasting   | |  2.3
Transmutations | |  2.5

Action                   |  1- 3 |  4- 6 || total
-------------------------+-------+-------++-------
Melee: Unarmed           |    92 |    41 ||   133
       Kick              |    10 |    11 ||    21
       Constrict         |    21 |    12 ||    33
       Tentacles         |     8 |     3 ||    11
       Punch             |     2 |     1 ||     3
 Cast: Beastly Appendage |    18 |    10 ||    28
 Stab: Sleeping          |     5 |     1 ||     6
Armor: Skin              |    13 |     4 ||    17
Dodge: Dodged            |    50 |    22 ||    72

Table legend: (Time is in decaauts)
 A = Elapsed time spent in this place.
 B = Non-inter-level travel time spent in this place.
 C = Inter-level travel time spent in this place.
 D = Time resting spent in this place.
 E = Time spent auto-exploring this place.
 F = Levels seen in this place.
 G = Mean time per level.
                   A        B        C        D        E       F      G
               +--------+--------+--------+--------+--------+-----+--------+
         Total |   3825 |   3748 |     77 |    160 |   3187 |   3 | 1275.0 |
       Dungeon |   3825 |   3748 |     77 |    160 |   3187 |   3 | 1275.0 |
               +--------+--------+--------+--------+--------+-----+--------+

Top non-repeatable levels by time:
     D:3: 1370 daAuts
     D:2: 1370 daAuts
     D:1: 1084 daAuts
